 Dungeon Crawl Stone Soup version 0.26-a0-651-gb41185065b (webtiles) character file.

Game seed: 14681707431528666473

53 kae the Ruffian (level 3, 0/28 HPs)
             Began as a Draconian Transmuter on Oct 13, 2020.
             Slain by a kobold
             ... wielding a +0 short sword
              (3 damage)
             ... on level 2 of the Dungeon.
             The game lasted 00:01:20 (2740 turns).

kae the Ruffian (Draconian Transmuter)              Turns: 2740, Time: 00:01:20

Health: 0/28       AC:  5    Str: 13    XL:     3   Next: 62%
Magic:  6/6        EV: 12    Int: 13    God:
Gold:   112        SH:  0    Dex: 11    Spells: 5/6 levels left

rFire    + . .     SeeInvis .   d - +1 whip (pain)
rCold    + . .     Faith    .   (no shield)
rNeg     . . .     Spirit   .   (armour unavailable)
rPois    +         Reflect  .   (helmet restricted)
rElec    +         Harm     .   (no cloak)
rCorr    +         Rampage  .   (no gloves)
MR       .....                  (no boots)
Stlth    +.........             (no amulet)
HPRegen  0.09/turn              b - ring of flight
MPRegen  0.10/turn              (no ring)

@: resistant, stab
A: unfitting armour, cold-blooded, AC +5
a: Evoke Flight


You were on level 2 of the Dungeon.
You visited 1 branch of the dungeon, and saw 2 of its levels.

You collected 112 gold pieces.

Inventory:

Hand Weapons
 d - a +1 whip of pain (weapon)
Jewellery
 b - a ring of flight (left hand)
 j - an uncursed ring of stealth
Scrolls
 a - 3 scrolls of teleportation
 c - a scroll of remove curse
 i - a scroll of enchant armour {unknown}
 k - a scroll of fear {unknown}
Potions
 e - a potion of cancellation
 f - a potion of brilliance
 g - a potion of mutation


   Skills:
 - Level 1.1 Fighting
 - Level 1.7 Dodging
 * Level 4.2 Unarmed Combat
 - Level 2.0 Spellcasting
 + Level 2.8 Transmutations


You had 5 spell levels left.
You knew the following spells:

 Your Spells              Type           Power        Failure   Level
a - Beastly Appendage     Tmut           #.....       9%          1

Your spell library contained the following spells:

 Spells                   Type           Power        Failure   Level
 Wereblood                Tmut           #.......     12%         2
 Spider Form              Tmut/Pois      #.........   41%         3
 Ice Form                 Ice/Tmut       #.......     82%         4
 Blade Hands              Tmut           #.........   92%         5


Dungeon Overview and Level Annotations

Branches:
Dungeon (2/15)

Altars:


Innate Abilities, Weirdness & Mutations

Your plain brown scales are hard. (AC +5)
You cannot fit into any form of body armour.
You are cold-blooded and may be slowed by cold attacks.


Message History

You barely miss the kobold.
The kobold is moderately wounded.
The kobold hits you with a +0 short sword.
* * * LOW HITPOINT WARNING * * *
The kobold closely misses you.
You barely miss the kobold.
The kobold is moderately wounded.
The kobold hits you but does no damage.
Unknown command.
It was a potion of stabbing.
You feel ready to backstab. The kobold hits you but does no damage.
The kobold closely misses you.
It was a potion of resistance.
You feel protected. The kobold barely misses you.
You feel more ready to backstab.
The kobold hits you with a +0 short sword.
* * * LOW HITPOINT WARNING * * *
The kobold hits you with a +0 short sword.
You die...

.............
####.#####.[. .. .
##'#### ... .. #.....#
#'###. #(....# ###....
#.....# #.....# #.....#
#.....+
######'######...K†######
................@>......#
#######.#######.#######.#
#.## #<# #.#
#######..######.##### #.#
.÷..................# #.#
#.(..(##..#####.###.# #.#
.)..#.###.## #.# #.# #.#
#..##.# #..####.###.###.#
#..##.####.#............#


You could see a kobold (fast).

Vanquished Creatures
  3 oozes (D:1)
  A dart slug (D:2)
  A leopard gecko (D:2)
  2 ball pythons
  2 giant cockroaches (D:2)
  5 goblins
  2 hobgoblins (D:2)
  7 kobolds
  A quokka (D:2)
  A ball python skeleton (D:2)
  5 bats
  3 frilled lizards
  4 rats
37 creatures vanquished.

Notes
Turn   | Place    | Note
-------+----------+-------------------------------------------
     0 | D:1      | kae the Draconian Transmuter began the quest for the Orb.
     0 | D:1      | Reached XP level 1. HP: 16/16 MP: 3/3
   236 | D:1      | Reached XP level 2. HP: 19/23 MP: 3/5
  1364 | D:1      | Reached XP level 3. HP: 10/28 MP: 6/6
  1899 | D:2      | Reached skill level 4 in Unarmed Combat
  2740 | D:2      | Slain by a kobold

Illustrated notes

Levels and vault maps discovered:
D:1:      dpeg_arrival_round_b, layout_basic, serial_corexii_hall,
          chequers_hall_statues_corner_a, corexii_hall_statues_l,
          corexii_hall_statues_i, chequers_hall_statues_corner_a
D:2:      layout_basic, grunt_temple_overflow_open

Skill      XL: |  1  2  3 |
---------------+----------+-----
Unarmed Combat | 4 |  4.2
Fighting       | |  1.1
Dodging        | |  1.7
Spellcasting   | |  2.0
Transmutations | |  2.8

Action                   || total
-------------------------++-------
Melee: Unarmed           ||    32
       Kick              ||    14
       Whip              ||    93
       Tailslap          ||     7
       Headbutt          ||     5
       Punch             ||     1
 Cast: Beastly Appendage ||    23
  Use: Scroll            ||     8
       Potion            ||     3
 Stab: Sleeping          ||     2
Armor: Skin              ||    57
Dodge: Dodged            ||   133

Table legend: (Time is in decaauts)
 A = Elapsed time spent in this place.
 B = Non-inter-level travel time spent in this place.
 C = Inter-level travel time spent in this place.
 D = Time resting spent in this place.
 E = Time spent auto-exploring this place.
 F = Levels seen in this place.
 G = Mean time per level.
                   A        B        C        D        E       F      G
               +--------+--------+--------+--------+--------+-----+--------+
         Total |   2745 |   2631 |    114 |      0 |   2310 |   2 | 1372.5 |
       Dungeon |   2745 |   2631 |    114 |      0 |   2310 |   2 | 1372.5 |
               +--------+--------+--------+--------+--------+-----+--------+

Top non-repeatable levels by time:
     D:1: 1718 daAuts
     D:2: 1026 daAuts
